 Dungeon Crawl Stone Soup version 0.22-a0-456-g11ed031 (webtiles) character file.

238 raistware the Magician (level 5, 0/37 HPs)
             Began as a Mummy Wizard on June 7, 2018.
             Killed by divine providence
             ... invoked by an orc priest
              (12 damage)
             ... on level 4 of the Dungeon.
             The game lasted 00:07:57 (2993 turns).

raistware the Magician (Mummy Wizard)               Turns: 2993, Time: 00:07:58

Health: 0/37       AC:  3    Str: 11    XL:     5   Next: 78%
Magic:  1/11       EV: 14    Int: 18    God:
Gold:   215        SH:  0    Dex: 10    Spells: 1/12 levels left

rFire    . . .     SeeInvis .   g - +0 short sword
rCold    + . .     Gourm    .   (no shield)
rNeg     + + +     Faith    .   a - +0 robe
rPois    ∞         Spirit   .   b - +0 hat
rElec    .         Reflect  .   (no cloak)
rCorr    .         Harm     .   n - +0 pair of gloves
MR       .....                  (no boots)
Stlth    ++........             (no amulet)
HPRegen  0.12/turn              i - ring of protection from fire
MPRegen  0.12/turn              m - +2 ring of evasion

@: no status effects
A: no food or potions, fire vulnerability, cold resistance 1, negative energy
resistance 3, torment resistance, unbreathing
a: no special abilities


You were on level 4 of the Dungeon.
You were not hungry.

You visited 1 branch of the dungeon, and saw 4 of its levels.

You collected 215 gold pieces.

Inventory:

Hand Weapons
 g - a +0 short sword (weapon)
Armour
 a - a +0 robe (worn)
 b - a +0 hat (worn)
 n - a +0 pair of gloves (worn)
Jewellery
 i - a ring of protection from fire (left hand)
 m - a +2 ring of evasion (right hand)
Scrolls
 c - a scroll of enchant weapon {unknown}
 d - 4 scrolls of identify {unknown}
 e - a scroll of teleportation {unknown}
 f - a scroll of random uselessness {unknown}
 h - a scroll of remove curse {unknown}
 j - 2 scrolls of blinking {unknown}
 k - a scroll of fear {unknown}
 l - a scroll of enchant armour {unknown}


   Skills:
 - Level 1.0 Fighting
 - Level 1.0 Armour
 - Level 2.0 Dodging
 - Level 2.0 Stealth
 - Level 4.0 Spellcasting
 + Level 3.5 Conjurations
 - Level 1.5 Summonings
 - Level 1.5 Translocations


You had one spell level left.
You knew the following spells:

 Your Spells              Type           Power        Failure   Level  Hunger
a - Magic Dart            Conj           ###.         3%          1    N/A
b - Blink                 Tloc           N/A          12%         2    N/A
c - Call Imp              Summ           #.......     12%         2    N/A
d - Conjure Flame         Conj/Fire      #.......     22%         3    N/A
e - Mephitic Cloud        Conj/Pois/Air  #.......     26%         3    N/A

Your spell library contained the following spells:

 Spells                   Type           Power        Failure   Level  Hunger
 Slow                     Hex            #.......     22%         2    N/A

Dungeon Overview and Level Annotations

Branches:
Dungeon (4/15)
 Temple: D:4-7

Altars:


Innate Abilities, Weirdness & Mutations

You do not eat or drink.
Your flesh is vulnerable to fire.
You are immune to poison.
Your flesh is cold resistant. (rC+)
You are immune to negative energy. (rN+++)
You are immune to unholy pain and torment.
You can survive without breathing.


Message History

Aim: an orc wizard, wielding a dagger and wearing a robe (almost dead, fast)
The ball explodes into a vile cloud!
The stinking cloud engulfs the orc wizard.
The orc wizard is almost dead.
The stinking cloud engulfs you!
You hear a shout! x3
The orc wizard is engulfed in noxious fumes.
The orc wizard appears confused.
Casting: Mephitic Cloud (safe; 26% risk of failure)
Confirm with . or Enter, or press ? or * to list all spells.
You don't have enough magic to cast that spell.
An orc comes into view. It is wielding a dagger.
Casting: Mephitic Cloud (safe; 26% risk of failure)
Confirm with . or Enter, or press ? or * to list all spells.
You don't have enough magic to cast that spell.
An orc comes into view. It is wielding a club.
An orc priest comes into view.
The orc priest invokes the aid of Beogh against you.
Beogh smites you!
You die...

#.......# .
####.#.##o.#...
#.........o....
#..............
#.......o###...
#......o.....$.
#..............
#........#.#.#
#...@......# ..
#........### #
#.....[..#
#...†....#
#........#
#........#
#........#
#........#
#........#


You could see an orc priest, an orc wizard (confused) and 2 orcs.

Vanquished Creatures
  An ogre (D:3)
  Natasha (D:2)
  A hound skeleton (D:2)
  4 adders
  An ooze (D:2)
  A worm (D:3)
  2 leopard geckos
  5 orcs
  2 ball pythons (D:1)
  3 giant cockroaches
  8 goblins
  8 hobgoblins
  2 jackals (D:2)
  5 quokkas
  10 bats
  2 frilled lizards
  A kobold (D:3)
  7 rats
64 creatures vanquished.

Notes
Turn   | Place    | Note
-------+----------+-------------------------------------------
     0 | D:1      | raistware the Mummy Wizard began the quest for the Orb.
     0 | D:1      | Reached XP level 1. HP: 13/13 MP: 5/5
    24 | D:1      | Reached skill level 1 in Conjurations
   316 | D:1      | Reached XP level 2. HP: 19/19 MP: 4/7
   320 | D:1      | Learned a level 2 spell: Blink
   323 | D:1      | Learned a level 2 spell: Call Imp
   997 | D:2      | Reached XP level 3. HP: 21/24 MP: 3/8
  1619 | D:2      | Reached XP level 4. HP: 22/31 MP: 1/10
  1624 | D:2      | Learned a level 3 spell: Conjure Flame
  1628 | D:2      | Learned a level 3 spell: Mephitic Cloud
  1920 | D:2      | Noticed Natasha
  1943 | D:2      | Killed Natasha
  1943 | D:2      | Reached skill level 1 in Fighting
  2055 | D:2      | Reached skill level 1 in Armour
  2370 | D:3      | Noticed an ogre
  2383 | D:3      | Killed an ogre
  2383 | D:3      | Reached skill level 1 in Summonings
  2383 | D:3      | Reached skill level 1 in Translocations
  2383 | D:3      | Reached XP level 5. HP: 37/37 MP: 2/11
  2993 | D:4      | Killed from afar by an orc priest

Vault maps used:
D:1:      lightli_arrival_boilingwater
D:2:      guppyfry_early_orc_mine, uniq_natasha
D:4:      first_ration

Skill      XL: |  1  2  3  4 |
---------------+-------------+-----
Conjurations   | 1 2 3 |  3.5
Fighting       | 1 |  1.0
Stealth        | 2 |  2.0
Armour         | 1 |  1.0
Dodging        | 2 |  2.0
Summonings     | 1 |  1.5
Translocations | 1 |  1.5
Spellcasting   | |  4.0

Action                   |  1- 3 |  4- 6 || total
-------------------------+-------+-------++-------
Melee: Short sword       |    33 |    49 ||    82
 Cast: Magic Dart        |    83 |    72 ||   155
       Conjure Flame     |       |     3 ||     3
       Mephitic Cloud    |       |     3 ||     3
 Stab: Confused          |       |     2 ||     2
       Sleeping          |       |     1 ||     1
Armor: Robe              |     8 |    11 ||    19
Dodge: Dodged            |    40 |    41 ||    81

Table legend:
 A = Spawn XP
 B = Non-spawn XP
 C = Spawn XP percentage of total XP
 D = Spawn monster count
 E = Non-spawn monster count
 F = Spawn count percentage of total count
 G = Total turns spent on level
                    A         B        C        D         E        F      G
               +---------+---------+-------+---------+---------+-------+---------
         Total |       0 |     341 |   0.0 |       0 |      64 |   0.0 |  2993
               +---------+---------+-------+---------+---------+-------+---------
           D:1 |       0 |      29 |   0.0 |       0 |      17 |   0.0 |   887
           D:2 |       0 |     131 |   0.0 |       0 |      27 |   0.0 |  1180
           D:3 |       0 |     176 |   0.0 |       0 |      18 |   0.0 |   831
           D:4 |       0 |       5 |   0.0 |       0 |       2 |   0.0 |    95
               +---------+---------+-------+---------+---------+-------+---------
